[Event "FIDE WCCC Open-10 2024"]
[Site "Montesilvano"]
[Date "2024.11.18"]
[Round "2.27"]
[White "Nguyen Quang Anh"]
[Black "Kais, Kristofer"]
[Result "1-0"]
[ECO "E20"]
[WhiteElo "1889"]
[BlackElo "1723"]
[PlyCount "73"]
[EventDate "2024.11.18"]
[EventType "swiss"]
[EventCountry "ITA"]
[TimeControl "5400+30"]

1. d4 Nf6 2. c4 e6 3. Nc3 Bb4 4. f3 d5 5. a3 Be7 6. e4 dxe4 7. fxe4 c5 8. d5 exd5 9. cxd5 Bg4 10. Be2 Bxe2 11. Qxe2 O-O 12. Bf4 Re8 13. Nf3 Nxe4 14. Nxe4 f5 15. Ne5 Qxd5 16. Nc3 Bh4+ 17. g3 Qxh1+ 18. Kd2 Rxe5 19. Qc4+ Rd5+ 20. Nxd5 Qg2+ 21. Kc3 Qf3+ 22. Ne3+ Kh8 23. gxh4 Nc6 24. Rf1 Qh5 25. Bg3 Nd4 26. Qxc5 Qe2 27. Qxd4 Rc8+ 28. Kb3 Qb5+ 29. Ka2 h6 30. Rxf5 Qe8 31. Re5 Qf7+ 32. Qd5 Qf8 33. Rf5 Qe7 34. Be5 Re8 35. Rf7 Qxe5 36. Rf8+ Kh7 37. Qg8+ 1-0

[Event "FIDE WCCC Open-10 2024"]
[Site "Montesilvano"]
[Date "2024.11.18"]
[Round "2.28"]
[White "Mrozowski, Nikodem"]
[Black "Mirzhanov, Arlan"]
[Result "0-1"]
[ECO "B90"]
[WhiteElo "1874"]
[BlackElo "1721"]
[PlyCount "112"]
[EventDate "2024.11.18"]
[EventType "swiss"]
[EventCountry "ITA"]
[TimeControl "5400+30"]

1. e4 c5 2. Nf3 d6 3. d4 cxd4 4. Nxd4 Nf6 5. Nc3 a6 6. f3 e5 7. Nb3 Be7 8. Be3 Be6 9. Qd2 h5 10. O-O-O Nbd7 11. Kb1 Qc7 12. Bg5 Rc8 13. f4 b5 14. a3 Nb6 15. f5 Bd7 16. Na5 Na4 17. Bxf6 Nxc3+ 18. Qxc3 Qxc3 19. bxc3 gxf6 20. Kb2 Rb8 21. Nb3 Bc6 22. Bd3 Rg8 23. g3 h4 24. gxh4 Rh8 25. h5 Rxh5 26. h4 Bf8 27. Be2 Rh8 28. Bf3 Ke7 29. h5 Bh6 30. Rd3 Rhg8 31. Rhd1 Rbd8 32. Na5 Ba8 33. c4 Rd7 34. cxb5 axb5 35. Rb3 Rg3 36. Rdd3 d5 37. exd5 Rxf3 38. Rxf3 Bxd5 39. Rh3 Bxb3 40. Kxb3 e4 41. Rh4 e3 42. Nc6+ Kd6 43. Nd4 Ke5 44. c3 Kd5 45. Kb4 Ra7 46. Kxb5 Rxa3 47. c4+ Ke5 48. c5 Rd3 49. Kc4 Rxd4+ 50. Rxd4 e2 51. Rd8 Be3 52. h6 e1=Q 53. h7 Qh4+ 54. Kb5 Qxh7 55. c6 Qh1 56. Re8+ Kf4 0-1

[Event "FIDE WCCC Open-10 2024"]
[Site "Montesilvano"]
[Date "2024.11.18"]
[Round "2.29"]
[White "Seo, Juwon"]
[Black "Zabelin, Platon"]
[Result "0-1"]
[ECO "B19"]
[WhiteElo "1721"]
[BlackElo "1870"]
[PlyCount "78"]
[EventDate "2024.11.18"]
[EventType "swiss"]
[EventCountry "ITA"]
[TimeControl "5400+30"]

1. e4 c6 2. d4 d5 3. Nc3 dxe4 4. Nxe4 Bf5 5. Ng3 Bg6 6. h4 h6 7. Nf3 Nd7 8. h5 Bh7 9. Bd3 Bxd3 10. Qxd3 e6 11. Bd2 Ngf6 12. O-O-O Be7 13. Kb1 Qb6 14. Ne4 O-O 15. Nxf6+ Nxf6 16. Qe2 c5 17. Be3 Nd5 18. Ka1 Qc7 19. g4 c4 20. c3 b5 21. Qd2 b4 22. g5 b3 23. a3 Qa5 24. gxh6 Bxa3 25. bxa3 Nxc3 26. Qc1 Rfb8 27. Kb2 Na4+ 28. Kb1 c3 29. Bd2 c2+ 30. Ka1 Qd5 31. Bc3 b2+ 32. Bxb2 Rxb2 33. Qxb2 cxd1=Q+ 34. Rxd1 Nxb2 35. Rg1 Qxf3 36. Rxg7+ Kh8 37. Kxb2 Rb8+ 38. Ka2 Qe2+ 39. Ka1 Qb2# 0-1

[Event "FIDE WCCC Open-10 2024"]
[Site "Montesilvano"]
[Date "2024.11.18"]
[Round "2.30"]
[White "Yrysov, Timur"]
[Black "Wang, Rocky"]
[Result "0-1"]
[ECO "B21"]
[WhiteElo "1604"]
[BlackElo "1853"]
[PlyCount "50"]
[EventDate "2024.11.18"]
[EventType "swiss"]
[EventCountry "ITA"]
[TimeControl "5400+30"]

1. e4 c5 2. d4 cxd4 3. Qxd4 Nc6 4. Qd2 Nf6 5. Nc3 e5 6. b3 Bb4 7. Bd3 d5 8. exd5 Nxd5 9. Bb2 Nd4 10. a3 Bxc3 11. Bxc3 Nxc3 12. Qxc3 Qg5 13. Be4 Bf5 14. Bxf5 Qxf5 15. Rc1 Rc8 16. Qd2 O-O 17. c3 Qe4+ 18. Qe3 Qxg2 19. cxd4 exd4 20. Qf3 Rxc1+ 21. Kd2 Qg5+ 22. Kd3 Rc3+ 23. Kxd4 Qd2+ 24. Ke5 Rc5+ 25. Ke4 Re8# 0-1

[Event "FIDE WCCC Open-10 2024"]
[Site "Montesilvano"]
[Date "2024.11.18"]
[Round "2.31"]
[White "Melkonyan, Davit"]
[Black "Larionov, Serghei"]
[Result "1-0"]
[ECO "C64"]
[WhiteElo "1842"]
[BlackElo "1720"]
[PlyCount "46"]
[EventDate "2024.11.18"]
[EventType "swiss"]
[EventCountry "ITA"]
[TimeControl "5400+30"]

1. e4 e5 2. Nf3 Nc6 3. Bb5 a6 4. Ba4 Bc5 5. O-O Nge7 6. c3 Ng6 7. d4 Ba7 8. Re1 O-O 9. Bb3 d6 10. Bg5 Qe8 11. h3 Kh8 12. g4 h6 13. Be3 Qd8 14. Nbd2 Nf4 15. Bxf4 exf4 16. Nh2 h5 17. Qf3 Qg5 18. Qg2 hxg4 19. hxg4 g6 20. Ndf3 Qe7 21. g5 Qd7 22. e5 Qf5 23. Nh4 Qh3 1-0

[Event "FIDE WCCC Open-10 2024"]
[Site "Montesilvano"]
[Date "2024.11.18"]
[Round "2.32"]
[White "Nguyen Truong An Khang"]
[Black "Ismailov, Omarbek"]
[Result "1-0"]
[ECO "D35"]
[WhiteElo "1836"]
[BlackElo "1625"]
[PlyCount "117"]
[EventDate "2024.11.18"]
[EventType "swiss"]
[EventCountry "ITA"]
[TimeControl "5400+30"]

1. d4 d5 2. c4 e6 3. Nc3 Nf6 4. cxd5 exd5 5. Bg5 c6 6. e3 Bf5 7. Qf3 Bg6 8. Bxf6 Qxf6 9. Qxf6 gxf6 10. Nf3 h5 11. Nh4 Bh7 12. f4 Nd7 13. f5 Bh6 14. Bd3 Bxe3 15. Nf3 Nb6 16. Ke2 Bg5 17. b3 Kd7 18. Kf2 Rhg8 19. Rhe1 Nc8 20. Ne2 Nd6 21. h4 Bh6 22. Ng3 Rg4 23. Nxh5 Bg7 24. Ng3 Rg8 25. Rh1 Bh8 26. Rh3 Ne4+ 27. Bxe4 dxe4 28. Ne1 e3+ 29. Kf3 Rxd4 30. Nc2 Rd3 31. Nxe3 Re8 32. Re1 Re5 33. Kf2 Rd2+ 34. Re2 Rxe2+ 35. Kxe2 Ra5 36. a4 b5 37. Rh1 bxa4 38. Ra1 a3 39. b4 Ra4 40. Ne4 Rxb4 41. Kf3 Rb5 42. g4 a2 43. Rxa2 a5 44. Ra3 Kc7 45. Nc4 Bxf5 46. gxf5 Rxf5+ 47. Kg4 Rd5 48. Ne3 Re5 49. Kf4 Bg7 50. Nf5 Bf8 51. Ra2 Kd7 52. Rd2+ Kc7 53. Nxf6 Re6 54. Rd7+ Kb6 55. Rxf7 Bb4 56. h5 Bd2+ 57. Kf3 Bg5 58. Nd7+ Kc7 59. Nf8+ 1-0

[Event "FIDE WCCC Open-10 2024"]
[Site "Montesilvano"]
[Date "2024.11.18"]
[Round "2.33"]
[White "Burba, Mikita"]
[Black "Akramov, Khasan"]
[Result "1-0"]
[ECO "B35"]
[WhiteElo "1528"]
[BlackElo "1835"]
[PlyCount "93"]
[EventDate "2024.11.18"]
[EventType "swiss"]
[EventCountry "ITA"]
[TimeControl "5400+30"]

1. e4 c5 2. Nf3 Nc6 3. d4 cxd4 4. Nxd4 g6 5. Nc3 Bg7 6. Be3 Nf6 7. Bc4 O-O 8. Bb3 Re8 9. f3 e6 10. f4 d6 11. Ndb5 Re7 12. O-O Ne8 13. Nd4 Na5 14. Qf3 Nxb3 15. axb3 Nf6 16. h3 e5 17. fxe5 Rxe5 18. Bf4 Rh5 19. Qf2 Bxh3 20. gxh3 Rxh3 21. Bg5 Qd7 22. Nf5 Rh5 23. Bxf6 Bxf6 24. Ng3 Qg4 25. Nce2 Be5 26. Qxf7+ Kh8 27. Qf3 Qg5 28. Rxa7 Rg8 29. Rf2 Rh3 30. Rg2 Qh6 31. Rxb7 Ra8 32. Rf7 Bg7 33. Qf1 Qe3+ 34. Qf2 Ra1+ 35. Nf1 Qh6 36. Neg3 Rd1 37. Rxg7 Qxg7 38. Qb6 Qf6 39. Qb8+ Kg7 40. Qa7+ Kg8 41. Qa8+ Kf7 42. Qb7+ Ke8 43. Qc8+ Ke7 44. Qxh3 h5 45. Rf2 Qg5 46. Qg2 Qh4 47. Qf3 1-0

[Event "FIDE WCCC Open-10 2024"]
[Site "Montesilvano"]
[Date "2024.11.18"]
[Round "2.34"]
[White "Garcia Tanjala, Marko"]
[Black "Aitmukhanov, Arsen"]
[Result "1/2-1/2"]
[ECO "B30"]
[WhiteElo "1833"]
[BlackElo "1579"]
[PlyCount "76"]
[EventDate "2024.11.18"]
[EventType "swiss"]
[EventCountry "ITA"]
[TimeControl "5400+30"]

1. e4 c5 2. Nf3 Nc6 3. Bc4 a6 4. a4 e5 5. Nc3 Be7 6. d3 Nf6 7. Bg5 d6 8. h3 Be6 9. Bxf6 Bxf6 10. Nd5 g6 11. Nxf6+ Qxf6 12. Bxe6 fxe6 13. c3 O-O 14. O-O Rad8 15. Qb3 Qe7 16. Nh2 d5 17. Ng4 d4 18. Rad1 h5 19. Nh2 Rf4 20. g3 Rf7 21. f4 exf4 22. Rxf4 Rxf4 23. gxf4 dxc3 24. bxc3 Na5 25. Qb2 Qh4 26. Qb6 Nc6 27. Qxb7 Ne7 28. Qxa6 Qxh3 29. Rd2 Qg3+ 30. Rg2 Qe3+ 31. Kh1 Rxd3 32. Qxe6+ Kf8 33. Rg1 Rd2 34. Qe5 Rc2 35. Qb8+ Kg7 36. Qe5+ Kf8 37. Qb8+ Kg7 38. Qe5+ Kf8 1/2-1/2

[Event "FIDE WCCC Open-10 2024"]
[Site "Montesilvano"]
[Date "2024.11.18"]
[Round "2.35"]
[White "Perez Solanas, Hugo"]
[Black "Kostyukovich, Ivan"]
[Result "0-1"]
[ECO "C47"]
[WhiteElo "1824"]
[BlackElo "1489"]
[PlyCount "94"]
[EventDate "2024.11.18"]
[EventType "swiss"]
[EventCountry "ITA"]
[TimeControl "5400+30"]

1. e4 e5 2. Nf3 Nc6 3. Nc3 Nf6 4. a3 Bc5 5. Nxe5 Nxe5 6. d4 Bxd4 7. Qxd4 Nc6 8. Qa4 h6 9. Bf4 d6 10. O-O-O Bd7 11. Qc4 O-O 12. Nd5 Nxd5 13. exd5 Ne5 14. Bxe5 dxe5 15. Bd3 Qg5+ 16. Kb1 c6 17. Qe4 g6 18. h4 Qf4 19. Qxf4 exf4 20. d6 Rad8 21. c4 c5 22. Be4 b6 23. Rhe1 Rfe8 24. f3 Re6 25. Bc2 Rxe1 26. Rxe1 Be6 27. Bxg6 Rxd6 28. Be4 Bxc4 29. Kc2 Be6 30. Kc3 Kg7 31. Bc2 a5 32. a4 Rd4 33. Re4 Bf5 34. Rxd4 cxd4+ 35. Kd2 Bxc2 36. Kxc2 Kf6 37. Kd3 Ke5 38. h5 Kd5 39. b3 f6 40. Kd2 Kc5 41. Kd3 f5 42. Kd2 Kb4 43. Kc2 d3+ 44. Kxd3 Kxb3 45. Kd4 Kxa4 46. Ke5 Kb3 47. Kxf5 a4 0-1

[Event "FIDE WCCC Open-10 2024"]
[Site "Montesilvano"]
[Date "2024.11.18"]
[Round "2.37"]
[White "Shrubok, Herman"]
[Black "Meitzner, Jonathan Franz"]
[Result "0-1"]
[ECO "B47"]
[WhiteElo "1477"]
[BlackElo "1876"]
[PlyCount "90"]
[EventDate "2024.11.18"]
[EventType "swiss"]
[EventCountry "ITA"]
[TimeControl "5400+30"]

1. e4 c5 2. Nf3 e6 3. d4 cxd4 4. Nxd4 Nc6 5. Nc3 Qc7 6. f4 a6 7. Nxc6 bxc6 8. Bd3 d5 9. Qf3 Nf6 10. O-O Bb7 11. e5 Nd7 12. Bd2 c5 13. Rfe1 d4 14. Ne4 c4 15. Bf1 Nc5 16. Nd6+ Bxd6 17. exd6 Qxd6 18. Qg4 O-O 19. Bxc4 Ne4 20. Rad1 Qb6 21. Bd3 Nxd2 22. Rxd2 Qxb2 23. Rde2 Bc8 24. Re5 Qb4 25. Bxh7+ Kxh7 26. Rh5+ Kg8 27. Qh4 f6 28. f5 e5 29. c3 Qxc3 30. Rh8+ Kf7 31. Rxf8+ Kxf8 32. g4 d3 33. Qh8+ Kf7 34. Rd1 Qd4+ 35. Kf1 Qf4+ 36. Ke1 Qe3+ 37. Kf1 Qe2+ 38. Kg1 Qxd1+ 39. Kf2 Qe2+ 40. Kg3 Qe3+ 41. Kh4 Qf2+ 42. Kh3 Bb7 43. Qh5+ Ke7 44. Qf7+ Kxf7 45. a4 Bg2# 0-1

[Event "FIDE WCCC Open-10 2024"]
[Site "Montesilvano"]
[Date "2024.11.18"]
[Round "2.38"]
[White "Kolodziejczyk, Boris"]
[Black "Button-Rabl, Jiban"]
[Result "1-0"]
[ECO "C45"]
[WhiteElo "2115"]
[BlackElo "1435"]
[PlyCount "87"]
[EventDate "2024.11.18"]
[EventType "swiss"]
[EventCountry "ITA"]
[TimeControl "5400+30"]

1. e4 e5 2. Nf3 Nc6 3. d4 exd4 4. Nxd4 Nf6 5. Nxc6 bxc6 6. e5 Qe7 7. Qe2 Nd5 8. Nd2 g5 9. Ne4 h6 10. h4 Nf4 11. Bxf4 gxf4 12. Nf6+ Kd8 13. Nh5 d5 14. exd6 cxd6 15. O-O-O Rg8 16. Nxf4 h5 17. Qd2 Bh6 18. Qxd6+ Bd7 19. Qxh6 Kc7 20. Qxh5 a5 21. Bc4 Rg4 22. Rxd7+ Qxd7 23. Ne6+ fxe6 24. Qxg4 Re8 25. h5 Qf7 26. Qg6 Qf4+ 27. Kb1 Rd8 28. Qg3 Qxg3 29. fxg3 e5 30. h6 Rh8 31. h7 Kd6 32. Bg8 e4 33. Kc1 Ke5 34. Rf1 Kd4 35. Kd2 c5 36. g4 a4 37. g5 c4 38. g6 a3 39. g7 Rxh7 40. Bxh7 axb2 41. g8=Q c3+ 42. Ke2 e3 43. Qg5 Kc4 44. Rh1 1-0

[Event "FIDE WCCC Open-10 2024"]
[Site "Montesilvano"]
[Date "2024.11.18"]
[Round "2.39"]
[White "Otetileu, Amanbek"]
[Black "Chkhartishvili, Lazare"]
[Result "1-0"]
[ECO "B33"]
[WhiteElo "1632"]
[BlackElo "1836"]
[PlyCount "71"]
[EventDate "2024.11.18"]
[EventType "swiss"]
[EventCountry "ITA"]
[TimeControl "5400+30"]

1. e4 c5 2. Nf3 Nc6 3. d4 cxd4 4. Nxd4 Nf6 5. Nc3 e5 6. Ndb5 d6 7. Bg5 a6 8. Na3 b5 9. Nd5 Be7 10. Bxf6 Bxf6 11. c3 O-O 12. Bd3 Bg5 13. O-O Ne7 14. Nc2 Nxd5 15. exd5 Bd7 16. Nb4 f5 17. a4 e4 18. Be2 Qb6 19. axb5 axb5 20. Qc2 Qc5 21. Rxa8 Rxa8 22. Kh1 Rc8 23. Qb3 Re8 24. Nc6 Qb6 25. Qxb5 Qc7 26. Qc4 Kh8 27. Ne5 Qxc4 28. Nxc4 Be7 29. Ra1 f4 30. Ra7 Bf5 31. b4 Bf8 32. g3 e3 33. f3 g5 34. g4 Bc2 35. Kg2 Bb3 36. Nb6 1-0

[Event "FIDE WCCC Open-10 2024"]
[Site "Montesilvano"]
[Date "2024.11.18"]
[Round "2.40"]
[White "Bulat, Mansur"]
[Black "Akramov, Khusan"]
[Result "0-1"]
[ECO "B14"]
[WhiteElo "1610"]
[BlackElo "1782"]
[PlyCount "128"]
[EventDate "2024.11.18"]
[EventType "swiss"]
[EventCountry "ITA"]
[TimeControl "5400+30"]

1. e4 c6 2. d4 d5 3. exd5 cxd5 4. c4 Nf6 5. Nc3 g6 6. c5 Bg7 7. Nf3 O-O 8. Bd3 b6 9. b4 a5 10. Ba3 axb4 11. Bxb4 Nc6 12. a3 Bg4 13. Be2 bxc5 14. Bxc5 Ne4 15. Rc1 Qa5 16. Qd3 Nxc5 17. dxc5 Bf5 18. Qd2 d4 19. Nd5 d3 20. Bd1 Qxd2+ 21. Nxd2 Rxa3 22. Ne3 Bc3 23. Nec4 Bxd2+ 24. Nxd2 Nd4 25. g4 Be6 26. f3 f5 27. h3 fxg4 28. hxg4 Bd5 29. Rf1 Rf6 30. Nc4 Bxc4 31. Rxc4 Nc6 32. Re4 Rf8 33. Rf2 Rd8 34. Rd2 Rd5 35. Re3 Kf7 36. f4 Rd4 37. Bf3 Nb4 38. Re4 Nc2+ 39. Kf2 Raa4 40. Rxd4 Rxd4 41. c6 Ke8 42. f5 g5 43. Kg3 Kd8 44. Bd1 Ne3 45. Kf2 Nc4 46. Ra2 Rf4+ 47. Kg3 Kc7 48. Bf3 d2 49. Ra7+ Kb8 50. Rb7+ Kc8 51. Rb1 Ne3 52. Be2 Nd5 53. Rb3 Re4 54. Kf2 Nf4 55. Bf3 Re1 56. Re3 Nh3+ 57. Kg2 Rxe3 58. f6 exf6 59. c7 Nf4+ 60. Kf2 Rxf3+ 61. Kxf3 d1=Q+ 62. Kg3 Qd2 63. Kf3 Qe2+ 64. Kg3 Qg2# 0-1

[Event "FIDE WCCC Open-10 2024"]
[Site "Montesilvano"]
[Date "2024.11.18"]
[Round "2.41"]
[White "Wu, Chenyu"]
[Black "Zhou, Martin"]
[Result "0-1"]
[ECO "E98"]
[WhiteElo "1503"]
[BlackElo "1776"]
[PlyCount "114"]
[EventDate "2024.11.18"]
[EventType "swiss"]
[EventCountry "ITA"]
[TimeControl "5400+30"]

1. d4 Nf6 2. c4 g6 3. Nc3 Bg7 4. e4 d6 5. Nf3 O-O 6. Be2 e5 7. O-O Nc6 8. d5 Ne7 9. Ne1 Ne8 10. f3 f5 11. Be3 f4 12. Bf2 g5 13. c5 Ng6 14. Rc1 Rf7 15. a4 h5 16. b4 Bf8 17. c6 b6 18. a5 Rg7 19. Qa4 a6 20. axb6 cxb6 21. Na2 Qc7 22. Nc3 Nh4 23. Nb5 Qb8 24. Na3 Be7 25. c7 Nxc7 26. Qc6 Nb5 27. Nxb5 axb5 28. Bxb5 g4 29. Qe8+ Bf8 30. Bxh4 Bd7 31. Qxb8 Rxb8 32. Bxd7 Rxd7 33. Nd3 Ra8 34. Ra1 Rda7 35. Rxa7 Rxa7 36. b5 Ra3 37. Nc1 Ra5 38. Ne2 Rxb5 39. Rc1 Rb2 40. Kf2 b5 41. Rc8 Kf7 42. Rb8 b4 43. Ke1 Rb1+ 44. Kf2 Rb2 45. Kf1 Rb1+ 46. Be1 b3 47. Kf2 Be7 48. Rb7 Ke8 49. Rc7 Bh4+ 50. g3 gxf3 51. Kxf3 Rxe1 52. gxh4 b2 53. Nc3 Re3+ 54. Kf2 Rxc3 55. Rb7 Rc2+ 56. Kg1 Rc1+ 57. Kg2 b1=Q 0-1

[Event "FIDE WCCC Open-10 2024"]
[Site "Montesilvano"]
[Date "2024.11.18"]
[Round "2.43"]
[White "Orsi, Andrea"]
[Black "Schettini Acuna, Massimo Matteo"]
[Result "1/2-1/2"]
[ECO "C90"]
[WhiteElo "1728"]
[BlackElo "1703"]
[PlyCount "90"]
[EventDate "2024.11.18"]
[EventType "swiss"]
[EventCountry "ITA"]
[TimeControl "5400+30"]

1. e4 e5 2. Nf3 Nc6 3. Bb5 a6 4. Ba4 Nf6 5. O-O Be7 6. Re1 b5 7. Bb3 d6 8. h3 Na5 9. d4 Nxb3 10. axb3 exd4 11. Nxd4 Bb7 12. Nf5 O-O 13. Qd3 Re8 14. Bh6 Bf8 15. Bg5 Bxe4 16. Rxe4 Rxe4 17. Qxe4 Nxe4 18. Bxd8 Rxd8 19. Rxa6 g6 20. Nd4 Re8 21. Nxb5 Nc5 22. Ra1 Re1+ 23. Kh2 Ne4 24. N5c3 Nxc3 25. bxc3 f5 26. Kg3 Kf7 27. Kf3 Bg7 28. h4 Bxc3 29. Ra7 Bd4 30. Rxc7+ Ke6 31. Nd2 Rd1 32. Ke2 Rc1 33. b4 d5 34. Nb3 Kd6 35. Rxh7 Rxc2+ 36. Kd3 Rc3+ 37. Kxd4 Rxb3 38. Rh6 Rxb4+ 39. Kc3 Rg4 40. g3 Ke6 41. h5 Kf6 42. Rxg6+ Rxg6 43. hxg6 Kxg6 44. Kd4 Kg5 45. Kxd5 f4 1/2-1/2

[Event "FIDE WCCC Open-10 2024"]
[Site "Montesilvano"]
[Date "2024.11.18"]
[Round "2.44"]
[White "Radiukevich, Viacheslau"]
[Black "Guirado Lara, Pablo"]
[Result "0-1"]
[ECO "B45"]
[WhiteElo "1484"]
[BlackElo "1832"]
[PlyCount "108"]
[EventDate "2024.11.18"]
[EventType "swiss"]
[EventCountry "ITA"]
[TimeControl "5400+30"]

1. e4 c5 2. Nf3 e6 3. d4 cxd4 4. Nxd4 Nf6 5. Nc3 Nc6 6. Nxc6 bxc6 7. e5 Nd5 8. Nxd5 cxd5 9. Bd3 d6 10. exd6 Bxd6 11. c3 Qc7 12. Bb5+ Bd7 13. Bxd7+ Qxd7 14. O-O O-O 15. Re1 Rab8 16. Re3 Bf4 17. Rh3 Bxc1 18. Qxc1 Rfc8 19. Qc2 f5 20. Qe2 Rc6 21. Rd3 Qb7 22. Rb1 Qa6 23. Qe5 Rcb6 24. Rg3 R8b7 25. Rg5 h6 26. Rg6 Kh7 27. Rg3 Qxa2 28. Rf1 Qxb2 29. h4 Qc2 30. h5 Qe4 31. Re3 Qxe5 32. Rxe5 Kg8 33. Rfe1 Kf7 34. Kh2 a5 35. c4 dxc4 36. Rxa5 Rc7 37. Rc1 Kf6 38. Ra3 Ke5 39. Kg3 Kd4 40. Rac3 Rc5 41. R3c2 c3 42. Rd1+ Kc4 43. Rdc1 Kd3 44. Kf4 Rb2 45. Rxb2 cxb2 46. Rxc5 b1=Q 47. Ke5 Qe1+ 48. Kd6 Qxf2 49. Re5 Qb6+ 50. Ke7 Qb7+ 51. Kxe6 Qxg2 52. Rxf5 Qg4 53. Ke5 Qe4+ 54. Kd6 Qxf5 0-1

[Event "FIDE WCCC Open-10 2024"]
[Site "Montesilvano"]
[Date "2024.11.18"]
[Round "2.45"]
[White "Gusev, Daniil Den"]
[Black "Vydra, David"]
[Result "1-0"]
[ECO "B81"]
[WhiteElo "1863"]
[BlackElo "1615"]
[PlyCount "113"]
[EventDate "2024.11.18"]
[EventType "swiss"]
[EventCountry "ITA"]
[TimeControl "5400+30"]

1. e4 c5 2. Nf3 d6 3. d4 cxd4 4. Nxd4 Nf6 5. Nc3 a6 6. h3 e6 7. g4 Be7 8. Be3 b5 9. g5 Nfd7 10. h4 Bb7 11. f3 Nc6 12. Qd2 Qc7 13. O-O-O Rc8 14. Kb1 b4 15. Nce2 Nde5 16. b3 Qa5 17. Rg1 Na7 18. Nc1 Nb5 19. Bxb5+ axb5 20. Qe2 O-O 21. h5 d5 22. f4 Nc6 23. e5 Nxd4 24. Bxd4 Bc5 25. Qg4 Qb6 26. Bxc5 Qxc5 27. Rd2 Qe7 28. Ne2 Rc6 29. Nd4 Ra6 30. Nxb5 Rfa8 31. a4 bxa3 32. Ka2 Qb4 33. Qe2 Rc6 34. Nd4 Rc3 35. Qb5 Qxb5 36. Nxb5 Rf3 37. Nd6 Ba6 38. Rd4 Rf2 39. Kxa3 Bd3+ 40. Ra4 Rxa4+ 41. bxa4 Rxc2 42. Rb1 Rc3+ 43. Kb4 Rc6 44. Rb3 Bc4 45. Rc3 Rb6+ 46. Kc5 Ra6 47. Nxc4 dxc4 48. Kb5 Ra8 49. Rxc4 Kf8 50. a5 Ke7 51. Rc7+ Ke8 52. Kb6 Rb8+ 53. Rb7 Rd8 54. a6 Rd1 55. a7 Rb1+ 56. Kc7 Rc1+ 57. Kb8 1-0

[Event "FIDE WCCC Open-10 2024"]
[Site "Montesilvano"]
[Date "2024.11.18"]
[Round "2.46"]
[White "Nikitakis, Michail"]
[Black "Czech, Emil"]
[Result "1/2-1/2"]
[ECO "B45"]
[WhiteElo "1818"]
[BlackElo "1608"]
[PlyCount "58"]
[EventDate "2024.11.18"]
[EventType "swiss"]
[EventCountry "ITA"]
[TimeControl "5400+30"]

1. e4 c5 2. Nf3 e6 3. d4 cxd4 4. Nxd4 Nf6 5. Nc3 Nc6 6. f4 Bb4 7. Nxc6 bxc6 8. e5 Nd5 9. Qd3 Nxc3 10. bxc3 Bc5 11. Qg3 g6 12. h4 h5 13. Rb1 Qa5 14. a3 Ba6 15. Bxa6 Qxa6 16. Qd3 Qc8 17. Qc4 Be7 18. O-O Rb8 19. Be3 Bxa3 20. Bc5 Bxc5+ 21. Qxc5 Rb6 22. Rxb6 axb6 23. Qxb6 Qd8 24. Qc5 Qe7 25. Qb6 O-O 26. g3 Qa3 27. Qd4 Rd8 28. Qb6 Rf8 29. Qd4 Rd8 1/2-1/2

[Event "FIDE WCCC Open-10 2024"]
[Site "Montesilvano"]
[Date "2024.11.18"]
[Round "2.47"]
[White "Hung, I-Hsuan"]
[Black "Kovacs, Balazs"]
[Result "0-1"]
[ECO "B30"]
[WhiteElo "1608"]
[BlackElo "1871"]
[PlyCount "60"]
[EventDate "2024.11.18"]
[EventType "swiss"]
[EventCountry "ITA"]
[TimeControl "5400+30"]

1. e4 c5 2. Nf3 Nc6 3. Bb5 e6 4. O-O Nge7 5. c3 a6 6. Bxc6 Nxc6 7. d4 cxd4 8. cxd4 d5 9. exd5 exd5 10. Bf4 Be7 11. Nc3 O-O 12. Qb3 Be6 13. Qxb7 Nb4 14. Ne5 Bd6 15. a3 Rb8 16. Qa7 f6 17. axb4 fxe5 18. Bxe5 Bxe5 19. dxe5 d4 20. Rfd1 Rb6 21. Rxa6 dxc3 22. Raa1 Qxd1+ 23. Rxd1 c2 24. Re1 Rc6 25. Qa1 Rfc8 26. Qc1 Bb3 27. Re3 Rd8 28. Re1 Rd1 29. Rxd1 cxd1=Q+ 30. Qxd1 Bxd1 0-1

[Event "FIDE WCCC Open-10 2024"]
[Site "Montesilvano"]
[Date "2024.11.18"]
[Round "2.48"]
[White "Zilincan, Tomas"]
[Black "Munoz Padilla, Andres"]
[Result "1-0"]
[ECO "E65"]
[WhiteElo "1778"]
[BlackElo "1604"]
[PlyCount "101"]
[EventDate "2024.11.18"]
[EventType "swiss"]
[EventCountry "ITA"]
[TimeControl "5400+30"]

1. Nf3 Nf6 2. d4 g6 3. c4 Bg7 4. Nc3 O-O 5. g3 d6 6. Bg2 Nbd7 7. O-O c5 8. e3 Qc7 9. b3 cxd4 10. exd4 e5 11. Ba3 Re8 12. Nb5 Qa5 13. Bxd6 Ne4 14. Nxe5 Nxd6 15. Nxd6 Re6 16. Nxc8 Rxc8 17. Nxd7 Rd6 18. Bh3 f5 19. Bg2 Rxd7 20. Bd5+ Kh8 21. Qe2 Rdd8 22. Rad1 Re8 23. Qb2 Qb6 24. Qd2 Rcd8 25. Rfe1 Rxe1+ 26. Rxe1 Bxd4 27. Re7 Bc5 28. Rf7 g5 29. Qxg5 Bxf2+ 30. Kg2 Bd4 31. Qe7 Bg7 32. Rxg7 Qh6 33. Rxh7+ Qxh7 34. Qxd8+ Kg7 35. Qe7+ Kh6 36. Qh4+ Kg7 37. Qxh7+ Kxh7 38. Bxb7 Kg6 39. c5 Kf7 40. c6 Ke7 41. c7 Kd7 42. c8=Q+ Ke7 43. Qxf5 Kd6 44. Qd5+ Kc7 45. Qc6+ Kd8 46. Qd6+ Ke8 47. Qc7 a6 48. Bc6+ Kf8 49. Qd7 a5 50. Bd5 a4 51. Qf7# 1-0